 Dungeon Crawl Stone Soup version 0.20.1-1-g8b1a95d (webtiles) character file.

59 Jeffwins the Firebug (level 4, -2/27 HPs)
             Began as an Octopode Fire Elementalist on Aug 4, 2017.
             Slain by a bullfrog (9 damage)
             ... on level 3 of the Dungeon.
             The game lasted 00:03:14 (2105 turns).

Jeffwins the Firebug (Octopode Fire Elementalist)   Turns: 2105, Time: 00:03:15

Health: -2/27      AC:  1    Str:  7    XL:     4   Next: 3%
Magic:  0/7        EV: 13    Int: 18    God:
Gold:   116        SH:  0    Dex: 12    Spells: 3/7 levels left

rFire    . . .     SeeInvis .   c - +3 whip
rCold    . . .     Gourm    .   (no shield)
rNeg     . . .     Faith    .   (helmet restricted)
rPois    .         Spirit   .   (no amulet)
rElec    .         Reflect  .   (no ring)
rCorr    .         Harm     .   (no ring)
MR       .....                  (no ring)
Stlth    +++.......             (no ring)
Regen    0.1/turn               (no ring)
MPRegen  0.1/turn               (no ring)
                                (no ring)
                                (no ring)

@: no status effects
A: almost no armour, stealthy swim, amphibious, 8 rings, constrict 8, camouflage
1, gelatinous body 1
a: no special abilities


You were on level 3 of the Dungeon.
You were hungry.

You visited 1 branch of the dungeon, and saw 3 of its levels.

You collected 116 gold pieces.

Inventory:

Hand Weapons
 c - a +3 whip (weapon)
 j - a +0 trident
Scrolls
 d - 6 scrolls of identify {unknown}
 e - a scroll of enchant armour {unknown}
 f - a scroll of immolation {unknown}
 g - a scroll of blinking {unknown}
Potions
 h - a potion of ambrosia {unknown}
 k - a potion of lignification {unknown}
 l - a potion of might {unknown}
 m - a potion of berserk rage {unknown}
Books
 a - a book of Flames

   Spells                             Type                      Level
   a - Flame Tongue                   Conjuration/Fire             1
   b - Throw Flame                    Conjuration/Fire             2
   c - Conjure Flame                  Conjuration/Fire             3
   d - Inner Flame                    Hexes/Fire                   3
   e - Sticky Flame                   Conjuration/Fire             4
   f - Fireball                       Conjuration/Fire             5
Comestibles
 b - 4 bread rations
 i - 2 fruits
 n - a meat ration


   Skills:
 - Level 2.0 Dodging
 - Level 2.6 Stealth
 + Level 2.4 Spellcasting
 * Level 2.5 Conjurations
 + Level 3.7 Fire Magic


You had 3 spell levels left.
You knew the following spells:

 Your Spells              Type           Power        Failure   Level  Hunger
a - Flame Tongue          Conj/Fire      ##...        4%          1    #......
d - Conjure Flame         Conj/Fire      ##......     14%         3    ###....


Dungeon Overview and Level Annotations

Branches:
Dungeon (3/15)

Altars:
Qazlal

Annotations:
D:3 felt's ghost, amateur DsFi


Innate Abilities, Weirdness & Mutations

You cannot wear most types of armour.
You are very stealthy in the water. (Stealth+)
You are amphibious.
You can wear up to eight rings at the same time.
You can use your tentacles to constrict eight enemies at once.
Your skin changes colour to match your surroundings (Stealth+).
Your rubbery body absorbs attacks. (AC +1, EV +1)


Message History

Confirm with . or Enter, or press ? or * to list all spells.
Aiming: Flame Tongue
Press: ? - help, Shift-Dir - straight line, f/p - bullfrog
Aim: a bullfrog (moderately wounded)
The flame tongue hits the bullfrog.
The bullfrog is severely wounded.
The bullfrog hits you. x2
* * * LOW HITPOINT WARNING * * *
Casting: Flame Tongue
Confirm with . or Enter, or press ? or * to list all spells.
You don't have enough magic to cast that spell.
Unknown command.
Casting: Flame Tongue
Confirm with . or Enter, or press ? or * to list all spells.
You don't have enough magic to cast that spell.
Unknown command.
You barely miss the bullfrog. You grab the bullfrog.
The bullfrog is severely wounded.
You constrict the bullfrog. The bullfrog hits you!
You die...

....... .##........
##.....##.####†.#.#
##.........##....÷.##
#.............###...#####..
..........## ###..........
.........## #.....##.###.
..........# #.###.##.# #
.....#?.?#####.###.##.###...
.............F@..............
......##.....#######...####.
...... #...### ##...#
...........# #.#.#
.....#.##..# #.#<# .......
##.. #...# ....## ##.. ##..#
. ..# ##.. ... #..


You could see a bullfrog.

Vanquished Creatures
  2 adders (D:2)
  A dart slug (D:1)
  2 leopard geckos (D:1)
  A giant cockroach (D:1)
  3 goblins (D:1)
  2 hobgoblins (D:1)
  3 jackals (D:1)
  A ball python (D:3)
  7 bats
  5 frilled lizards
  8 kobolds
  5 rats
40 creatures vanquished.

Notes
Turn   | Place    | Note
-------+----------+-------------------------------------------
     0 | D:1      | Jeffwins the Octopode Fire Elementalist began the quest for the Orb.
     0 | D:1      | Reached XP level 1. HP: 11/11 MP: 3/3
   609 | D:1      | Reached XP level 2. HP: 17/17 MP: 3/5
  1037 | D:1      | Reached XP level 3. HP: 18/21 MP: 6/6
  1320 | D:2      | Learned a level 3 spell: Conjure Flame
  1759 | D:2      | Found a stormy altar of Qazlal.
  2068 | D:3      | Reached XP level 4. HP: 27/27 MP: 5/7
  2092 | D:3      | Noticed a bullfrog
  2093 | D:3      | Noticed felt's ghost (amateur DsFi)
  2105 | D:3      | Slain by a bullfrog

Skill      XL: |  1  2 |
---------------+-------+-----
Conjurations   | 2 |  2.5
Dodging        | |  2.0
Stealth        | |  2.6
Spellcasting   | |  2.4
Fire Magic     | |  3.7

Action                   |  1- 3 |  4- 6 || total
-------------------------+-------+-------++-------
Melee: Whip              |    37 |     1 ||    38
       Constrict         |    11 |     1 ||    12
       Tentacles         |     3 |       ||     3
 Cast: Flame Tongue      |    29 |     8 ||    37
 Stab: Sleeping          |     6 |       ||     6
  Eat: Chunk             |     2 |     1 ||     3
Armor: Skin              |     1 |       ||     1
Dodge: Dodged            |    23 |    12 ||    35
